 Dungeon Crawl Stone Soup version 0.31-a0-1612-g4aaf141004 (webtiles) character file.

Game seed: 17539273072643244915

308 gregman the Covert (level 6, -2/30 HPs)
             Began as a Spriggan Brigand on Jan 9, 2024.
             Slain by a goblin
             ... wielding a +0 club
             ... led by Robin
              (5 damage)
             ... on level 3 of the Dungeon.
             The game lasted 00:11:07 (2434 turns).

gregman the Covert (Spriggan Brigand)               Turns: 2434, Time: 00:11:07

Health: -2/30      AC: 11    Str:  7    XL:     6   Next: 17%
Magic:  7/7        EV: 19    Int: 13    God:
Gold:   181        SH:  0    Dex: 18    Spells: 5/5 levels left

rFire   . . .        a - +2 dagger
rCold   . . .        (no shield)
rNeg    . . .        b - +0 robe
rPois   .            (helmet restricted)
rElec   .            c - +0 cloak
rCorr   .            (gloves unavailable)
SInv    +            (boots unavailable)
Will    +....        (no amulet)
Stlth   ++++         g - +4 ring of protection
HPRegen 0.25/turn    p - +4 ring of protection
MPRegen 0.10/turn

%: no passive effects
@: very quick
A: very small, no large weapons, unfitting armour, see invisible, speed 3
a: no special abilities


You were on level 3 of the Dungeon.
You visited 1 branch of the dungeon, and saw 4 of its levels.

You collected 181 gold pieces.

Inventory:

Hand Weapons
 a - a +2 dagger (weapon)
Missiles
 d - 11 poisoned darts (quivered)
 e - 3 curare-tipped darts
Armour
 b - a +0 robe (worn)
 c - a +0 cloak (worn)
Jewellery
 g - a +4 ring of protection (left hand)
 p - a +4 ring of protection (right hand)
 s - a ring of wizardry
Wands
 k - a wand of iceblast (7)
Scrolls
 f - a scroll of summoning {unknown}
 j - a scroll of amnesia {unknown}
 m - a scroll of identify {unknown}
 n - 2 scrolls of poison {unknown}
 o - a scroll of teleportation {unknown}
 q - 3 scrolls of blinking {unknown}
 t - a scroll of vulnerability {unknown}
Potions
 h - a potion of magic {unknown}
 i - 2 potions of heal wounds {unknown}
 l - a potion of enlightenment {unknown}
 r - a potion of ambrosia {unknown}


   Skills:
 + Level 2.2 Fighting
 + Level 3.9 Short Blades
 + Level 2.0 Throwing
 + Level 4.2 Dodging
 + Level 8.5 Stealth


You had 5 spell levels left.
You didn't know any spells.
Your spell library contained the following spells:

 Spells                   Type           Power      Damage    Failure   Level
 Apportation              Tloc           0%         N/A       30%         1
 Call Imp                 Summ           0%         N/A       43%         2
 Cigotuvi's Dreadful Rot  Necr/Alch/Air  0%         N/A       43%         2
 Jinxbite                 Hex            0%         N/A       43%         2
 Sublimation of Blood     Necr           0%         N/A       43%         2
 Ignite Poison            Fire/Alch      0%         N/A       97%         4
 Alistair's Intoxication  Alch           0%         N/A       100%        5
 Freezing Cloud           Conj/Ice/Air   0%         6-21      100%        5
 Summon Hydra             Summ           0%         N/A       100%        7


Dungeon Overview and Level Annotations

Branches:
Dungeon (4/15)
 Temple: D:4-7

Altars:

Annotations:
D:3 Jessica, Natasha


Innate Abilities, Weirdness & Mutations

You are very small and have problems with some larger weapons.
You are too small for most types of armour.
You have supernaturally acute eyesight. (SInv)
You cover ground extremely quickly. (Speed+++)


Message History

Robin barely misses you. The goblin misses you.
The hobgoblin hits you but does no damage.
The hobgoblin misses you. The goblin closely misses you.
The goblin barely misses you. The hobgoblin completely misses you.
The goblin hits you with a +0 club.
* * * LOW HITPOINT WARNING * * *
The cerulean imp closely misses you.
You hit Robin but do no damage.
Robin is almost dead.
The goblin completely misses you. The goblin misses you.
The hobgoblin closely misses you. The goblin hits you but does no damage.
The hobgoblin barely misses you. The goblin barely misses you.
The hobgoblin hits you but does no damage.
You hit Robin.
You kill Robin!
The cerulean imp barely misses you.
The goblin hits you but does no damage. x2
The goblin misses you.
The hobgoblin hits you but does no damage.
The hobgoblin hits you.
* * * LOW HITPOINT WARNING * * *
You closely miss the goblin. The cerulean imp completely misses you.
The goblin closely misses you. The goblin hits you but does no damage.
The hobgoblin barely misses you. The goblin hits you but does no damage.
The goblin barely misses you. The goblin misses you.
The hobgoblin closely misses you. The hobgoblin barely misses you.
You hit the goblin.
The goblin is moderately wounded.
The cerulean imp barely misses you.
You miss the goblin.
The goblin is moderately wounded.
The goblin barely misses you. The goblin closely misses you. x2
The goblin hits you but does no damage. The hobgoblin completely misses you.
The hobgoblin closely misses you. The goblin barely misses you.
The cerulean imp misses you.
You barely miss the goblin.
The hobgoblin no longer looks unusually strong.
The goblin no longer looks unusually strong.
The hobgoblin misses you. The goblin completely misses you.
The hobgoblin barely misses you. The goblin hits you with a +0 club.
You die...

...# .... ####### ...#
..[. ......# #...##
..... #####.### #.#.$#
.....
#####...###.##.###......
.........##.##..(#g....
#######........ggg5###..
#†......@g@gh.....
#######.###....ggg......
................g....#..
..####................#
...# ##...#.$....#(.....
...####.#...............
.
.................##.....
?..###
........###....... .....
...... .....##..## ...
...###


You could see Natasha, a cerulean imp (summoned), Jessica (fast), 3 hobgoblins
and 7 goblins.

Vanquished Creatures
  Sigmund (D:2)
  Ijyb (D:3)
  Natasha (D:3)
  Robin (D:3)
  3 adders
  A gnoll (D:4)
  2 dart slugs
  2 ribbon worms (D:2)
  An orc (D:4)
  4 endoplasms
  3 giant cockroaches
  8 goblins
  4 hobgoblins
  2 quokkas
  7 ball pythons
  7 bats
  2 frilled lizards (D:1)
  4 kobolds
  9 rats
63 creatures vanquished.

Vanquished Creatures (others)
  A kobold (D:3)
1 creature vanquished.

Grand Total: 64 creatures vanquished

Notes
Turn   | Place    | Note
-------+----------+-------------------------------------------
     0 | D:1      | gregman the Spriggan Brigand began the quest for the Orb.
     0 | D:1      | Reached XP level 1. HP: 10/10 MP: 2/2
   109 | D:1      | Reached skill level 6 in Stealth
   185 | D:1      | Reached XP level 2. HP: 7/15 MP: 3/3
   978 | D:2      | You fall into a shaft and drop 2 floors!
  1056 | D:4      | Reached skill level 7 in Stealth
  1056 | D:4      | Reached XP level 3. HP: 18/18 MP: 4/4
  1187 | D:3      | Noticed Ijyb
  1230 | D:3      | Killed Ijyb
  1380 | D:2      | Reached XP level 4. HP: 23/23 MP: 5/5
  1943 | D:2      | Noticed Sigmund
  1966 | D:2      | Killed Sigmund
  1967 | D:2      | Reached skill level 8 in Stealth
  1967 | D:2      | Reached XP level 5. HP: 18/26 MP: 6/6
  2252 | D:3      | Noticed Natasha
  2277 | D:3      | Killed Natasha
  2278 | D:3      | Reached XP level 6. HP: 25/30 MP: 7/7
  2390 | D:3      | Noticed Jessica
  2395 | D:3      | Noticed Robin
  2408 | D:3      | Noticed Natasha
  2430 | D:3      | Killed Robin
  2434 | D:3      | Slain by a goblin

Illustrated notes

Levels and vault maps discovered:
D:1:      psy_arrival_radial02, layout_basic
D:2:      layout_basic, amcnicky_mini_corridor_feature, uniq_sigmund
D:3:      layout_rooms, uniq_ijyb, uniq_robin, uniq_jessica, uniq_natasha
D:4:      layout_rooms, enter_ossuary_1, sigmund_army

Skill      XL: |  1  2  3  4  5 |
---------------+----------------+-----
Stealth        | 6 7 8 |  8.5
Dodging        | 2 3 4 |  4.2
Fighting       | 2 |  2.2
Short Blades   | 3 |  3.9
Throwing       | |  2.0

Action                     |  1- 3 |  4- 6 || total
---------------------------+-------+-------++-------
  Melee: Dagger            |   115 |   147 ||   262
         Punch             |     1 |     2 ||     3
    Use: Potion            |     1 |       ||     1
   Stab: Sleeping          |    14 |     5 ||    19
 Armour: Robe              |    61 |    78 ||   139
  Dodge: Dodged            |   129 |   232 ||   361

Table legend: (Time is in decaauts)
 A = Elapsed time spent in this place.
 B = Non-inter-level travel time spent in this place.
 C = Inter-level travel time spent in this place.
 D = Time resting spent in this place.
 E = Time spent auto-exploring this place.
 F = Levels seen in this place.
 G = Mean time per level.
                   A        B        C        D        E       F      G
               +--------+--------+--------+--------+--------+-----+--------+
         Total |   1558 |   1549 |      9 |      0 |    347 |   4 |  389.5 |
       Dungeon |   1558 |   1549 |      9 |      0 |    347 |   4 |  389.5 |
               +--------+--------+--------+--------+--------+-----+--------+

Top non-repeatable levels by time:
     D:2: 642 daAuts
     D:1: 533 daAuts
     D:3: 252 daAuts
     D:4: 130 daAuts
